 Dungeon Crawl Stone Soup version 0.23.2-1-ga50397a (webtiles) character file.

Game seed: 9761854008502550558

237 diana the Skirmisher (level 5, 0/42 HPs)
             Began as a Demonspawn Fighter on May 24, 2019.
             Was an Initiate of Makhleb.
             Slain by an orc
             ... wielding a +2 flail of holy wrath
              (3 damage)
             ... on level 4 of the Dungeon.
             The game lasted 00:02:38 (2570 turns).

diana the Skirmisher (Demonspawn Fighter)           Turns: 2570, Time: 00:02:40

Health: 0/42       AC:  8    Str: 17    XL:     5   Next: 77%
Magic:  0/5        EV:  8    Int:  9    God:    Makhleb [......]
Gold:   140        SH: 12    Dex: 16    Spells: 4/4 levels left

rFire    . . .     SeeInvis .   a - +0 war axe
rCold    . . .     Gourm    .   c - +0 shield
rNeg     . . .     Faith    .   b - +0 scale mail
rPois    .         Spirit   +   (no helmet)
rElec    .         Reflect  +   u - +0 cloak (curse)
rCorr    .         Harm     .   (no gloves)
MR       .....                  (no boots)
Stlth    ..........             k - +3 amulet of reflection
HPRegen  0.14/turn              j - +3 ring of dexterity
MPRegen  0.09/turn              (no ring)

@: no status effects
A: claws 1, magic shield
a: Renounce Religion


You were on level 4 of the Dungeon.
You worshipped Makhleb.
Makhleb was noncommittal.
You were near starving.

You visited 2 branches of the dungeon, and saw 5 of its levels.

You collected 140 gold pieces.

Inventory:

Hand Weapons
 a - a +0 war axe (weapon)
Armour
 b - a +0 scale mail (worn)
 c - a +0 shield (worn)
 u - a cursed +0 cloak (worn)
Jewellery
 j - a +3 ring of dexterity (left claw)
 k - a +3 amulet of reflection (around neck)
 s - an uncursed amulet of the acrobat {unknown}
Wands
 p - a wand of flame (12)
Scrolls
 e - 2 scrolls of identify {unknown}
 i - a scroll of immolation {unknown}
 l - 2 scrolls of enchant weapon {unknown}
 m - 4 scrolls of remove curse {unknown}
 n - 2 scrolls of random uselessness {unknown}
 o - 2 scrolls of teleportation {unknown}
 r - 3 scrolls of magic mapping {unknown}
 t - a scroll of blinking {unknown}
 v - 2 scrolls of noise {unknown}
Potions
 d - 2 potions of might
 g - 5 potions of curing {unknown}
 h - a potion of mutation {unknown}
 q - a potion of berserk rage {unknown}
Comestibles
 f - 6 rations


   Skills:
 + Level 3.7 Fighting
 * Level 3.5 Axes
 + Level 3.4 Armour
 + Level 1.8 Dodging
 + Level 3.4 Shields


You had 4 spell levels left.
You didn't know any spells.
Your spell library was empty.

Dungeon Overview and Level Annotations

Branches:
Dungeon (4/15)             Temple (1/1) D:4

Altars:
Ashenzari
Cheibriados
Dithmenos
Elyvilon
Fedhas
Gozag
Hepliaklqana
Kikubaaqudgha
Makhleb
Qazlal
Ru
Uskayaw
Vehumet
Wu Jian
Xom
Yredelemnul
The Shining One

Shops:
D:4 =


Innate Abilities, Weirdness & Mutations

You have sharp fingernails.
When hurt, damage is shared between your health and your magic reserves.


Message History

Your shield prevents you from hitting the orc.
The orc priest hits you with a +0 flail.
* * * LOW HITPOINT WARNING * * *
You block the orc wizard's attack. You block the orc's attack.
The orc priest hits you but does no damage.
You hit the orc priest.
The orc priest is almost dead.
You hit the orc wizard.
Your shield and scale mail prevent you from hitting the orc.
The orc wizard barely misses you. You block the orc's attack.
The orc priest hits you with a +0 flail.
* * * LOW HITPOINT WARNING * * *
You block the orc wizard's attack.
You hit the orc priest.
The orc priest is almost dead.
You closely miss the orc. You closely miss the orc wizard.
The orc barely misses you. You block the orc wizard's attack.
You block the orc priest's attack.
The orc hits you with a +2 flail of holy wrath.
You die...

########### ###
#.........#####..
#.........#...#..
#.........#...#..
#.........#...#..
###########.........###'#..
#...#....o@##'########.....
#...#....oo#.........#.....
#...#...>..#.........#.....
#...#......#.........#.....
#...#......#.........#.....
#...#......#.........#.....
#...#......#.........#.....
#...#......#.........#....[
#...# #..####+###.....


You could see an orc priest, an orc wizard and an orc.

Vanquished Creatures
  Ijyb (D:3)
  Jessica (D:3)
  Terence (D:3)
  A worker ant (D:4)
  3 gnolls (D:3)
  2 adders
  5 dart slugs
  A leopard gecko (D:3)
  5 orcs (D:4)
  4 giant cockroaches
  8 goblins
  7 hobgoblins
  8 jackals (D:1)
  6 kobolds
  2 quokkas (D:4)
  A ball python (D:1)
  7 bats
  3 frilled lizards
  8 rats
74 creatures vanquished.

Vanquished Creatures (others)
  8 toadstools (D:4)
8 creatures vanquished.

Grand Total: 82 creatures vanquished

Notes
Turn   | Place    | Note
-------+----------+-------------------------------------------
     0 | D:1      | diana the Demonspawn Fighter began the quest for the Orb.
     0 | D:1      | Reached XP level 1. HP: 18/18 MP: 1/1
    62 | D:1      | Gained mutation: You have sharp fingernails. [demonic
                  | ancestry]
    62 | D:1      | Reached XP level 2. HP: 16/24 MP: 2/2
   557 | D:1      | Gained mutation: When hurt, damage is shared between your
                  | health and your magic reserves. [demonic ancestry]
   557 | D:1      | Reached XP level 3. HP: 29/29 MP: 3/3
   786 | D:1      | Reached skill level 1 in Dodging
  1448 | D:3      | Reached XP level 4. HP: 35/35 MP: 4/4
  1469 | D:3      | Noticed Ijyb
  1486 | D:3      | Killed Ijyb
  1790 | D:3      | Found a sacrificial altar of Ru.
  1790 | D:3      | Noticed Jessica
  1793 | D:3      | Killed Jessica
  1793 | D:3      | Reached XP level 5. HP: 41/41 MP: 5/5
  1937 | D:3      | Noticed Terence
  1949 | D:3      | Killed Terence
  2202 | D:4      | Found a staircase to the Ecumenical Temple.
  2222 | Temple   | Entered the Ecumenical Temple
  2323 | Temple   | Became a worshipper of Makhleb the Destroyer
  2440 | D:4      | Found a shadowy altar of Dithmenos.
  2511 | D:4      | Found Watyti Asusa's Jewellery Boutique.
  2570 | D:4      | Slain by an orc

Skill      XL: |  1  2  3  4 |
---------------+-------------+-----
Axes           | 2 3 |  3.5
Dodging        | 1 |  1.8
Shields        | 3 |  3.4
Armour         | 3 |  3.4
Fighting       | |  3.7

Action                   |  1- 3 |  4- 6 || total
-------------------------+-------+-------++-------
Melee: War axe           |   143 |    93 ||   236
  Eat: Chunk             |     1 |     3 ||     4
Armor: Scale mail        |    81 |    26 ||   107
Dodge: Dodged            |    37 |    27 ||    64
Block: Shield            |    88 |    72 ||   160
       Reflection        |       |     2 ||     2
